 Dungeon Crawl Stone Soup version 0.20-a0-1089-g3fde505 (webtiles) character file.

835 theAP the Cudgeler (level 7, -5/46 HPs)
             Began as a Gargoyle Fighter on May 2, 2017.
             Was a Follower of Qazlal.
             Slain by an ogre
             ... wielding a +0 giant club
              (14 damage)
             ... on level 4 of the Dungeon.
             The game lasted 00:06:06 (2856 turns).

theAP the Cudgeler (Gargoyle Fighter)               Turns: 2856, Time: 00:06:07

Health: -5/46      AC: 17    Str: 21    XL:     7   Next: 99%
Magic:  8/8        EV:  5    Int:  9    God:    Qazlal [*.....]
Gold:   126        SH: 10    Dex:  9    Spells: 6/6 levels left

rFire    . . .     SeeInvis .   n - +3 whip
rCold    . . .     Gourm    .   c - +0 shield
rNeg     + . .     Faith    .   i - +0 chain mail
rPois    ∞         Spirit   .   (no helmet)
rElec    +         Reflect  .   m - +2 cloak
rCorr    .         Harm     .   (no gloves)
MR       .....     Clarity  +   (no boots) Stlth ..........Rnd*Tele +
                                (no amulet)
Regen    0.2/turn               (no ring)
MPRegen  0.2/turn               (no ring)

@: no status effects
A: hooves 1, clarity, negative energy resistance 1, electricity resistance,
teleportitis 1, unbreathing, petrification resistance, rot immunity, AC +4
a: Renounce Religion


You were on level 4 of the Dungeon.
You worshipped Qazlal.
Qazlal was aware of your devotion.
You were not hungry.

You visited 1 branch of the dungeon, and saw 4 of its levels.

You collected 126 gold pieces.

Inventory:

Hand Weapons
 a - a +0 flail
 n - a +3 whip (weapon)
Armour
 b - a +0 scale mail
 c - a +0 shield (worn)
 i - a +0 chain mail (worn)
 m - a +2 cloak (worn)
Scrolls
 e - a scroll of recharging {unknown}
 g - a scroll of enchant armour {unknown}
 k - 3 scrolls of immolation {unknown}
 l - 2 scrolls of amnesia {unknown}
 s - a scroll of remove curse {unknown}
Potions
 d - 3 potions of might
 h - a potion of invisibility
 o - a potion of degeneration {unknown}
 p - a potion of haste
Comestibles
 f - 6 bread rations
 j - 2 meat rations
 q - a royal jelly
 r - 7 chunks of flesh


   Skills:
 + Level 6.0 Fighting
 * Level 7.1 Maces & Flails
 - Level 3.2 Armour
 - Level 3.2 Shields
 + Level 2.4 Invocations


You had 6 spell levels left.
You didn't know any spells.

Dungeon Overview and Level Annotations

Branches:
Dungeon (4/15)
 Temple: D:4-7

Altars:
Qazlal


Innate Abilities, Weirdness & Mutations

You are resistant to torment.
Your stone body is resilient. (AC +4)
You are immune to poison.
You resist negative energy. (rN+)
You are resistant to electric shocks. (rElec)
You can survive without breathing.
You are immune to petrification.
You are immune to rotting.
You have large cloven feet.
You possess an exceptional clarity of mind.
You are occasionally teleported next to monsters.


Message History

Found a runed robe.
Things that are here:
a whip; a ring mail
Things that are here:
a dagger; an orc corpse
There is a stone staircase leading down here.
You start resting.
An ogre comes into view. It is wielding a giant club.
There is a stone staircase leading down here.
Things that are here:
a dagger; an orc corpse
Things that are here:
a mace; a ring mail The ogre hits you with a giant club!
* * * LOW HITPOINT WARNING * * *
Things that are here:
a dagger; a robe You barely miss the ogre.
You kick the ogre, but do no damage. The ogre hits you with a giant club!
You die...

#...# ##...##
..###.....#
..........#
..###.....###
##......#
#...##.# #
#.O.##.#
.!.####.@§##.#
........).##.#
...###.))>##.#
#.#.###.#
#.#.# #.#
..#.# #.#
...#.# #...>.#
#..#...


You could see an ogre.

Vanquished Creatures
  Grinder (D:3)
  Sigmund (D:3)
  The ghost of potatolord5000 the Covered, an amateur HOFi of Beogh (D:3)
  Crazy Yiuf (D:3)
  3 orc priests
  3 orc wizards
  Jessica (D:2)
  Natasha (thrice) (D:3)
  An ooze (D:1)
  An adder skeleton (D:4)
  A dart slug (D:1)
  A leopard gecko (D:1)
  15 orcs
  5 bats
  4 giant cockroaches
  6 goblins
  7 hobgoblins
  3 jackals (D:4)
  3 kobolds
  2 quokkas
  5 frilled lizards
  A leopard gecko skeleton (D:4)
  6 rats
  A fungus (D:3)
76 creatures vanquished.

Notes
Turn   | Place    | Note
-------+----------+-------------------------------------------
     0 | D:1      | theAP the Gargoyle Fighter began the quest for the Orb.
     0 | D:1      | Reached XP level 1. HP: 14/14 MP: 1/1
    68 | D:1      | Reached XP level 2. HP: 16/19 MP: 2/2
   495 | D:1      | Reached skill level 3 in Maces & Flails
   539 | D:1      | Reached XP level 3. HP: 23/23 MP: 3/3
   811 | D:2      | Found a stormy altar of Qazlal.
   905 | D:2      | Noticed Jessica
   920 | D:2      | Killed Jessica
   920 | D:2      | Reached XP level 4. HP: 26/29 MP: 4/4
   955 | D:2      | Became a worshipper of Qazlal Stormbringer
  1545 | D:3      | Reached skill level 4 in Maces & Flails
  1565 | D:3      | Reached XP level 5. HP: 13/34 MP: 5/5
  1585 | D:3      | Noticed potatolord5000's ghost (amateur HOFi)
  1604 | D:3      | Gained mutation: You are occasionally teleported next to monsters. [potion of mutation]
  1604 | D:3      | Gained mutation: You possess an exceptional clarity of mind. [potion of mutation]
  1604 | D:3      | Gained mutation: You have large cloven feet. [potion of mutation]
  1617 | D:3      | Killed potatolord5000's ghost
  1617 | D:3      | Reached skill level 5 in Maces & Flails
  1657 | D:3      | Noticed Natasha
  1672 | D:3      | Killed Natasha
  1672 | D:3      | Reached XP level 6. HP: 29/40 MP: 6/6
  1806 | D:3      | Noticed Sigmund
  1826 | D:3      | Killed Sigmund
  1826 | D:3      | Reached skill level 5 in Fighting
  1826 | D:3      | Reached skill level 6 in Maces & Flails
  1990 | D:3      | Reached XP level 7. HP: 10/44 MP: 7/7
  2347 | D:3      | Noticed Natasha
  2357 | D:3      | Killed Natasha
  2392 | D:3      | Noticed Natasha
  2398 | D:3      | Killed Natasha
  2420 | D:3      | Noticed Grinder
  2449 | D:3      | Paralysed by Grinder for 4 turns
  2456 | D:3      | Killed Grinder
  2456 | D:3      | Reached skill level 1 in Invocations
  2534 | D:3      | Found a runed door.
  2538 | D:3      | Noticed Crazy Yiuf
  2541 | D:3      | Killed Crazy Yiuf
  2699 | D:4      | Reached * piety under Qazlal
  2744 | D:4      | Reached skill level 7 in Maces & Flails
  2856 | D:4      | Slain by an ogre

Vault maps used:
D:1:      dpeg_arrival_shelter
D:2:      marbit_many_paths, uniq_jessica
D:3:      first_bread, uniq_crazy_yiuf_cottage, uniq_grinder, uniq_natasha,
          uniq_sigmund

Skill      XL: |  1  2  3  4  5  6  7 |
---------------+----------------------+-----
Maces & Flails | 3 4 5 6 7 |  7.1
Fighting       | 4 5 6 |  6.0
Invocations    | 2 |  2.4
Armour         | |  3.2
Shields        | |  3.2

Action                   |  1- 3 |  4- 6 |  7- 9 || total
-------------------------+-------+-------+-------++-------
Melee: Flail             |   119 |   170 |       ||   289
       Kick              |       |    19 |    40 ||    59
       Whip              |       |       |   144 ||   144
  Use: Potion            |       |     5 |       ||     5
 Stab: Invisible         |       |     1 |       ||     1
  Eat: Chunk             |       |     4 |     3 ||     7
Armor: Scale mail        |    44 |       |       ||    44
       Chain mail        |    25 |   110 |    81 ||   216
Dodge: Dodged            |    24 |    31 |    16 ||    71
Block: Shield            |    67 |    81 |    52 ||   200
